 Dungeon Crawl Stone Soup version 0.27-a0-343-gfcad680f63 (webtiles) character file.

Game seed: 12473949592204691624

16 jestyr24 the Chopper (level 2, -2/27 HPs)
             Began as a Minotaur Berserker on Feb 14, 2021.
             Was a Follower of Trog.
             Slain by a hobgoblin
             ... wielding a +0 club
              (5 damage)
             ... on level 1 of the Dungeon.
             The game lasted 00:01:26 (353 turns).

jestyr24 the Chopper (Minotaur Berserker)            Turns: 353, Time: 00:01:27

Health: -2/27      AC:  2    Str: 21    XL:     2   Next: 41%
Magic:  1/1        EV: 12    Int:  4    God:    Trog [*.....]
Gold:   26         SH:  0    Dex:  9    Spells: 1/1 levels left

rFire    . . .     SeeInvis .   a - +0 hand axe
rCold    . . .     Faith    .   (no shield)
rNeg     . . .     Spirit   .   b - +0 animal skin
rPois    .         Reflect  .   (helmet restricted)
rElec    .         Harm     .   (no cloak)
rCorr    .         Rampage  .   (no gloves)
Will     .....                  (no boots)
Stlth    +.........             (no amulet)
HPRegen  0.09/turn              (no ring)
MPRegen  0.07/turn              (no ring)

@: no status effects
A: retaliatory headbutt, horns 2
a: Renounce Religion, Berserk


You were on level 1 of the Dungeon.
You worshipped Trog.
Trog was aware of your devotion.
You visited 1 branch of the dungeon, and saw 1 of its levels.

You collected 26 gold pieces.

Inventory:

Hand Weapons
 a - a +0 hand axe (weapon)
Armour
 b - a +0 animal skin (worn)
Scrolls
 e - a scroll of immolation {unknown}
 f - a scroll of identify {unknown}
Potions
 c - a potion of curing {unknown}
 d - a potion of brilliance {unknown}


   Skills:
 + Level 4.0 Fighting
 + Level 4.0 Axes
 + Level 2.4 Armour
 + Level 2.6 Dodging


You had one spell level left.
You didn't know any spells.
Your spell library was empty.

Dungeon Overview and Level Annotations

Branches:
Dungeon (1/15)

Altars:


Innate Abilities, Weirdness & Mutations

You reflexively headbutt those who attack you in melee.
You have a pair of horns on your head.


Message History

Things that are here:
a +0 club; a goblin corpse You slash the hobgoblin!
You kill the hobgoblin!
Trog accepts your kill. The giant cockroach bites you.
* * * LOW HITPOINT WARNING * * *
You see here a jackal corpse.
The jackal barks!
You hit the giant cockroach.
The giant cockroach is severely wounded.
You hear a shout!
The giant cockroach closely misses you. You furiously retaliate!
You headbutt the giant cockroach!
You kill the giant cockroach!
Trog accepts your kill.
Your Fighting skill increases to level 4!
The jackal completely misses you. The jackal barely misses you.
You miss the jackal.
The jackal bites you but does no damage.
You barely miss the jackal. The jackal closely misses you.
The jackal misses you.
You closely miss the jackal.
A jackal comes into view.
The jackal barely misses you. You furiously retaliate!
You headbutt the jackal.
The jackal moves out of view.
You hit the jackal.
The jackal is almost dead.
The jackal closely misses you. The jackal bites you.
* * * LOW HITPOINT WARNING * * *
You closely miss the jackal.
You headbutt the jackal, but do no damage.
The jackal is almost dead.
You closely miss the hobgoblin. The hobgoblin closely misses you.
The jackal barely misses you.
You hit the jackal.
You kill the jackal!
Trog accepts your kill.
You closely miss the hobgoblin. The hobgoblin hits you with a +0 club.
You die...

.. #.. ##. #.# ###
.#...##.# #.. ....
...# #.#
#...##.####### #.#
#...........###.#
#########.#####.....#
........#†#########.#
#...@†)..........#
#.hg.†.########..####
#(#.##.# #.....[ ..
#. #.# ####.##### ...
#. #.. #......... ..
#. ##.# #.##.##### .
#. .# # #.# # .. ..
#(# # #.# #


You could see a jackal and a hobgoblin.

Vanquished Creatures
  A leopard gecko (D:1)
  A giant cockroach (D:1)
  2 goblins (D:1)
  3 hobgoblins (D:1)
  5 jackals (D:1)
  A kobold (D:1)
  A rat (D:1)
14 creatures vanquished.

Notes
Turn   | Place    | Note
-------+----------+-------------------------------------------
     0 | D:1      | jestyr24 the Minotaur Berserker began the quest for the
                  | Orb.
     0 | D:1      | Reached XP level 1. HP: 19/19 MP: 0/0
   339 | D:1      | Reached XP level 2. HP: 14/27 MP: 1/1
   353 | D:1      | Slain by a hobgoblin

Illustrated notes

Levels and vault maps discovered:
D:1:      dpeg_arrival_another_circle, layout_loops_ring

Skill      XL: |  1  2 |
---------------+-------+-----
Axes           | 4 |  4.0
Fighting       | 4 |  4.0
Armour         | |  2.4
Dodging        | |  2.6

Action                   || total
-------------------------++-------
Melee: Hand axe          ||    27
       Headbutt          ||     2
Armor: Animal skin       ||     6
Dodge: Dodged            ||    34

Table legend: (Time is in decaauts)
 A = Elapsed time spent in this place.
 B = Non-inter-level travel time spent in this place.
 C = Inter-level travel time spent in this place.
 D = Time resting spent in this place.
 E = Time spent auto-exploring this place.
 F = Levels seen in this place.
 G = Mean time per level.
                   A        B        C        D        E       F      G
               +--------+--------+--------+--------+--------+-----+--------+
         Total |    355 |    355 |      0 |    174 |    108 |   1 |  355.0 |
       Dungeon |    355 |    355 |      0 |    174 |    108 |   1 |  355.0 |
               +--------+--------+--------+--------+--------+-----+--------+

Top non-repeatable levels by time:
     D:1: 355 daAuts
